 Dungeon Crawl Stone Soup version 0.21-a0-221-gfe971b9 (webtiles) character file.

10 KristoblXynda the Ruffian (level 2, 0/29 HPs)
             Began as a Troll Chaos Knight on Aug 26, 2017.
             Slain by Natasha (1 damage)
             ... on level 2 of the Dungeon.
             The game lasted 00:01:07 (557 turns).

KristoblXynda the Ruffian (Troll Chaos Knight)       Turns: 557, Time: 00:01:08

Health: 0/29       AC:  7    Str: 18 (19) XL:     2   Next: 10%
Magic:  1/1        EV:  9    Int:  5 (8)  God:    Xom [..*...]
Gold:   61         SH:  0    Dex:  6 (9)  Spells: 1/1 levels left

rFire    . . .     SeeInvis .     - Unarmed
rCold    . . .     Gourm    +   (no shield)
rNeg     . . .     Faith    .   a - +2 robe
rPois    .         Spirit   .   (helmet restricted)
rElec    .         Reflect  .   (no cloak)
rCorr    .         Harm     .   (gloves unavailable)
MR       .....                  (boots unavailable)
Stlth    +.........             (no amulet)
HPRegen  0.49/turn              (no ring)
MPRegen  0.07/turn              (no ring)

@: no status effects
A: unfitting armour, claws 3, fast metabolism 3, gourmand, regeneration 1,
shaggy fur 1, tough skin 2
a: Renounce Religion


You were on level 2 of the Dungeon.
You worshipped Xom.
You were a toy of Xom.
You were full.

You visited 1 branch of the dungeon, and saw 2 of its levels.

You collected 61 gold pieces.

Inventory:

Missiles
 f - a throwing net (quivered)
Armour
 a - a +2 robe (worn)
Jewellery
 g - an uncursed amulet of harm {unknown}
Scrolls
 d - a scroll of amnesia {unknown}
 e - a scroll of identify {unknown}
 i - a scroll of enchant weapon {unknown}
Comestibles
 b - 3 bread rations
 h - a royal jelly
 j - a meat ration


   Skills:
 + Level 2.6 Fighting
 + Level 2.1 Dodging
 + Level 3.1 Unarmed Combat


You had one spell level left.
You didn't know any spells.

Dungeon Overview and Level Annotations

Branches:
Dungeon (1/15)

Altars:

Annotations:
D:2 Natasha


Innate Abilities, Weirdness & Mutations

You are too large for most types of armour.
You have claws for hands.
Your metabolism is lightning-fast.
You like to eat raw meat.
Your natural rate of healing is unusually fast.
You are covered in fur. (AC +1)
You have very tough skin. (AC +2)


Message History

* * * LOW HITPOINT WARNING * * *
Unknown command.
You swap places.
You scratch Natasha but do no damage.
Natasha is heavily wounded.
Natasha stares at you and mumbles some strange words.
The magic dart hits you!
* * * LOW HITPOINT WARNING * * *
Unknown command.
It was a potion of degeneration.
There was something very wrong with that liquid.
You feel weakened.
You feel dopey.
You feel clumsy.
Xom roars with laughter!
Natasha claws you.
* * * LOW HITPOINT WARNING * * *
Unknown command.
You closely miss Natasha.
Natasha is heavily wounded.
Natasha claws you.
You die...

...# ### ...# #.. ####
#.# ### #### #.# ... ..#
#.# ### #.#######.##
#######.##......§######.#
............b..b§h§......
####.......bbb..@###..b..
# #.).......###### ... #
#..............# . #
#..............###
#.................
#..)...........##
####..............#
.........###..(...#
.........# #######...


You could see Natasha.

Vanquished Creatures
  A hobgoblin (D:2)
  6 bats
  2 frilled lizards
  A goblin (D:1)
  2 rats (D:1)
12 creatures vanquished.

Notes
Turn   | Place    | Note
-------+----------+-------------------------------------------
     0 | D:1      | KristoblXynda the Troll Chaos Knight began the quest for the Orb.
     0 | D:1      | Reached XP level 1. HP: 22/22 MP: 0/0
   345 | D:1      | XOM is BORED!
   345 | D:1      | XOM: mild Tloc miscast
   381 | D:1      | XOM: harmless Conj miscast
   402 | D:1      | XOM: scenery: 1 doors open
   432 | D:1      | You fall through a shaft!
   473 | D:2      | Reached XP level 2. HP: 29/29 MP: 1/1
   495 | D:2      | XOM: smoke on damage
   499 | D:2      | XOM: enchant monster (bad)
   540 | D:2      | Noticed Natasha
   541 | D:2      | XOM: confuse monster(s)
   545 | D:2      | XOM: smoke on damage
   550 | D:2      | XOM: butterfly on damage
   556 | D:2      | HP: 1/29 [Natasha (3)]
   557 | D:2      | Slain by Natasha

Vault maps used:
D:1:      dpeg_arrival_renting
D:2:      minmay_misc_feat_cross, uniq_natasha

Skill      XL: |  1 |
---------------+----+-----
Dodging        | 2 |  2.1
Fighting       | |  2.6
Unarmed Combat | |  3.1

Action                   || total
-------------------------++-------
Melee: Unarmed           ||    45
       Punch             ||     1
  Use: Potion            ||     1
  Eat: Chunk             ||     7
Armor: Robe              ||    27
Dodge: Dodged            ||    20

Table legend:
 A = Spawn XP
 B = Non-spawn XP
 C = Spawn XP percentage of total XP
 D = Spawn monster count
 E = Non-spawn monster count
 F = Spawn count percentage of total count
 G = Total turns spent on level
                    A         B        C        D         E        F      G
               +---------+---------+-------+---------+---------+-------+---------
         Total |       0 |      15 |   0.0 |       0 |      12 |   0.0 |   557
               +---------+---------+-------+---------+---------+-------+---------
           D:1 |       0 |      10 |   0.0 |       0 |       9 |   0.0 |   432
           D:2 |       0 |       5 |   0.0 |       0 |       3 |   0.0 |   125
               +---------+---------+-------+---------+---------+-------+---------
